 Dungeon Crawl Stone Soup version 0.28-a0-1506-g3893175d92 (webtiles) character file.

Game seed: 6332742843668584465

182 Lekart the Skirmisher (level 5, -5/47 HPs)
             Began as a Draconian Abyssal Knight on Jan 14, 2022.
             Was a Believer of Lugonu.
             Slain by a scorpion (6 damage)
             ... on level 4 of the Dungeon.
             The game lasted 00:03:15 (3097 turns).

Lekart the Skirmisher (Draconian Abyssal Knight)    Turns: 3097, Time: 00:03:16

Health: -5/47      AC:  6    Str: 15    XL:     5   Next: 34%
Magic:  7/7        EV: 12    Int: 10    God:    Lugonu [**....]
Gold:   148        SH:  0    Dex: 14    Spells: 4/4 levels left

rFire   . . .      SeeInvis .   a - +1 falchion
rCold   . . .      Faith    .   (no shield)
rNeg    . . .      Spirit   .   (armour unavailable)
rPois   .          Reflect  .   (helmet restricted)
rElec   .          Harm     .   (no cloak)
rCorr   .          Rampage  .   (no gloves)
Will    .....                   i - +0 pair of boots
Stlth   +.........              (no amulet)
HPRegen 0.15/turn               (no ring)
MPRegen 0.10/turn               (no ring)

@: lethally poisoned (-5 -> -18), about to teleport
A: AC +5, unfitting armour, cold-blooded
a: Renounce Religion, Depart the Abyss, Bend Space


You were on level 4 of the Dungeon.
You worshipped Lugonu.
Lugonu was pleased with you.
You visited 1 branch of the dungeon, and saw 4 of its levels.
You visited the Abyss 1 time.

You collected 148 gold pieces.

Inventory:

Hand Weapons
 a - a +1 falchion (weapon)
Armour
 i - a +0 pair of boots (worn)
Jewellery
 d - an amulet of reflection
Scrolls
 c - a scroll of teleportation
 e - 2 scrolls of fog
Potions
 b - a potion of brilliance


   Skills:
 + Level 4.4 Fighting
 + Level 3.8 Long Blades
 + Level 2.8 Dodging
 * Level 3.0 Invocations


You had 4 spell levels left.
You didn't know any spells.
Your spell library contained the following spells:

 Spells                   Type           Power      Damage    Failure   Level
 Freeze                   Ice            0%         1d3       36%         1
 Frozen Ramparts          Ice            0%         1d2       75%         3
 Hailstorm                Conj/Ice       0%         3d3       98%         4


Dungeon Overview and Level Annotations

Branches:
Dungeon (4/15)
 Temple: D:4-7

Altars:

Annotations:
D:3 3 runed translucent doors, Banquo's ghost, weakling HOCA


Innate Abilities, Weirdness & Mutations

Your plain brown scales are hard. (AC +5)
You cannot fit into any form of body armour.
You are cold-blooded and may be slowed by cold attacks.


Message History

You are poisoned.
The scorpion poisons you!
You hit the scorpion but do no damage. You tail-slap the scorpion.
The scorpion is heavily wounded.
You feel very sick. The scorpion completely misses you.
The hobgoblin hits you but does no damage.
The scorpion stings you.
You are lethally poisoned!
The scorpion poisons you!
The hobgoblin hits you but does no damage.
It was a potion of magic.
Magic courses through your body.
* * * LOW HITPOINT WARNING * * *
You feel very sick. The scorpion stings you.
* * * LOW HITPOINT WARNING * * *
The hobgoblin hits you but does no damage.
It was a potion of lignification.
You turn into a tree.
Your +0 pair of boots melds into your body.
Your roots penetrate the ground.
You feel very sick. The scorpion stings you.
* * * LOW HITPOINT WARNING * * *
You are lethally poisoned!
The scorpion poisons you! The hobgoblin completely misses you.
It was a potion of cancellation.
Your magical effects are unravelling.
You feel magically purged.
You feel less wooden.
Your +0 pair of boots unmelds from your body.
* * * LOW HITPOINT WARNING * * *
You feel very sick. The scorpion barely misses you.
The hobgoblin hits you but does no damage.
As you read the scroll of teleportation, it crumbles to dust.
You feel strangely unstable.
* * * LOW HITPOINT WARNING * * *
You feel very sick. The scorpion stings you.
You die...

..##
...####
#.....
#....#
#....#
.#####....#
......s..#
#.....@.#
###..g..#
##...##
#.... #....
......
..####. ..#
#/


You could see a scorpion and a hobgoblin.

Vanquished Creatures
  An iguana (D:3)
  Natasha (thrice) (D:2)
  2 adders
  3 worms
  2 dart slugs
  2 orcs (D:3)
  2 bats (D:1)
  2 endoplasms
  3 giant cockroaches
  6 goblins
  3 hobgoblins
  2 jackals (D:2)
  3 quokkas
  4 ball pythons
  6 frilled lizards
  3 kobolds
  4 rats
51 creatures vanquished.

Notes
Turn   | Place    | Note
-------+----------+-------------------------------------------
     0 | Abyss:1  | Lekart the Draconian Abyssal Knight began the quest for the
                  | Orb.
     0 | Abyss:1  | Reached XP level 1. HP: 19/19 MP: 2/2
   118 | Abyss:2  | Found a transporter.
   118 | Abyss:2  | Noticed an apocalypse crab
   119 | Abyss:2  | Noticed an apocalypse crab
   119 | Abyss:2  | Noticed a small abomination
   120 | Abyss:2  | Found a corrupted altar of Lugonu.
   120 | Abyss:2  | Found a transporter.
   120 | Abyss:2  | Noticed a tentacled starspawn
   120 | Abyss:2  | Noticed a tentacled starspawn
   120 | Abyss:2  | Noticed a vampire
   121 | Abyss:2  | Noticed a tentacled starspawn
   121 | Abyss:2  | Noticed an anaconda
   121 | Abyss:2  | Noticed a tentacled monstrosity
   122 | Abyss:2  | Noticed a wretched star
   122 | Abyss:2  | Noticed a golden eye
   122 | Abyss:2  | Noticed a large abomination
   122 | Abyss:2  | Noticed a raiju
   123 | Abyss:2  | Noticed a shock serpent
   123 | Abyss:2  | an anaconda changed into a shock serpent
   124 | D:1      | Escaped the Abyss
   211 | D:1      | Noticed a troll
   409 | D:1      | Reached * piety under Lugonu
   543 | D:1      | Reached XP level 2. HP: 26/26 MP: 3/3
   818 | D:1      | Found a faded altar of an unknown god.
  1429 | D:2      | Reached skill level 4 in Fighting
  1521 | D:2      | Reached XP level 3. HP: 27/33 MP: 4/4
  1810 | D:2      | Noticed Natasha
  1821 | D:2      | Killed Natasha
  1822 | D:2      | Reached XP level 4. HP: 26/40 MP: 5/5
  1923 | D:2      | Noticed Natasha
  1941 | D:2      | Killed Natasha
  2173 | D:2      | Noticed Natasha
  2184 | D:2      | Killed Natasha
  2378 | D:3      | Reached XP level 5. HP: 32/47 MP: 7/7
  2489 | D:3      | Reached ** piety under Lugonu
  2589 | D:3      | Found a runed translucent gate.
  2589 | D:3      | Noticed an ice beast
  2590 | D:3      | Found a runed translucent gate.
  2591 | D:3      | Found a runed translucent gate.
  2595 | D:3      | Noticed Banquo's ghost (weakling HOCA)
  3097 | D:4      | HP: 1/47 [poisoned by a scorpion]
  3097 | D:4      | Slain by a scorpion

Illustrated notes

Levels and vault maps discovered:
D:1:      erik_arrival_cave_to_civilisation [erik_arrival_cave_to_temple],
          layout_basic, hellmonk_ecumenical_altar_leap_of_faith
D:2:      layout_basic, uniq_natasha
D:3:      layout_basic, gammafunk_ghost_split, st_stairs_3,
          kennysheep_generic_room_8
D:4:      minmay_goblin_kobold_castle, layout_layer_cave, cheibrodos_gnoll_hut

Skill      XL: |  1  2  3  4 |
---------------+-------------+-----
Fighting       | 4 |  4.4
Long Blades    | 3 |  3.8
Invocations    | 3 |  3.0
Dodging        | |  2.8

Action                   |  1- 3 |  4- 6 || total
-------------------------+-------+-------++-------
Melee: Falchion          |    71 |    93 ||   164
       Tailslap          |     8 |     7 ||    15
       Punch             |     1 |     2 ||     3
Invok: Depart the Abyss  |     1 |       ||     1
  Use: Scroll            |       |     7 ||     7
       Potion            |       |     3 ||     3
 Stab: Sleeping          |       |     1 ||     1
Armor: Skin              |    16 |    29 ||    45
Dodge: Dodged            |    40 |    63 ||   103

Table legend: (Time is in decaauts)
 A = Elapsed time spent in this place.
 B = Non-inter-level travel time spent in this place.
 C = Inter-level travel time spent in this place.
 D = Time resting spent in this place.
 E = Time spent auto-exploring this place.
 F = Levels seen in this place.
 G = Mean time per level.
                   A        B        C        D        E       F      G
               +--------+--------+--------+--------+--------+-----+--------+
         Total |   3134 |   3055 |     79 |    181 |   2393 |   6 |  522.3 |
       Dungeon |   3011 |   2932 |     79 |    181 |   2318 |   4 |  752.8 |
         Abyss |    123 |    123 |      0 |      0 |     75 |   2 |   61.5 |
               +--------+--------+--------+--------+--------+-----+--------+

Top non-repeatable levels by time:
     D:1: 1262 daAuts
     D:2: 904 daAuts
     D:3: 829 daAuts
 Abyss:1: 110 daAuts
     D:4: 13 daAuts
 Abyss:2: 13 daAuts
